Cogmind - Beta 9.3 @@@ ROGUE MODE // 2019.12.20 @ 23:20:13 // Winter2019/RPGLIKE Player: Horse Result: Destroyed by B-75 Beast with Heavy Plasma Cannon Performance ------------- Evolutions (1) 500 Regions Visited (5) 1000 Robots Destroyed (166) 830 Value Destroyed (4252) 4252 Prototype IDs (8) 160 Alien Tech Used (0) 0 Bonus (140) 140 TOTAL SCORE: 6882 Bonus ------- High Alert Combat Kills 90 Follower Combat Kills 148 Entered Garrisons 200 Friendly Fire -298 Cogmind --------- Core Integrity 0/600 Matter 81/300 Energy 280/280 System Corruption 1% Temperature Cool (21) Movement Walking (120) Location -9/Garrison Parts ------- > --- POWER (1) -------- Cooled Ion Engine > --- PROPULSION (3) --- Improved Aluminum Leg Improved Aluminum Leg Improved Aluminum Leg > --- UTILITY (3) ------ Advanced Signal Interpreter Medium Armor Plating Hacking Suite > --- WEAPON (4) ------- Autogun Improved Assault Rifle Improved Assault Rifle Improved Assault Rifle > --- INVENTORY (3) ---- High-capacity Matter Pod (200) Recalibrator Drone Bay (2/2) Peak State ------------ > --- POWER ------------ Cooled Ion Engine > --- PROPULSION ------- Improved Aluminum Leg Improved Aluminum Leg Improved Aluminum Leg > --- UTILITY ---------- Advanced Signal Interpreter Medium Armor Plating Hacking Suite > --- WEAPON ----------- Autogun Improved Assault Rifle Improved Assault Rifle Improved Assault Rifle > --- INVENTORY -------- High-capacity Matter Pod Recalibrator Drone Bay [Rating: 29] Favorites ----------- Power Light Ion Engine Engine Light Ion Engine Propulsion Aluminum Leg Leg Aluminum Leg Utility Hacking Suite Processor Advanced Signal Interpreter Hackware Hacking Suite Protection Medium Armor Plating Weapon Heavy Assault Rifle Energy Cannon Particle Cannon Ballistic Gun Heavy Assault Rifle Build | -11 -10 -10 -9 -9 -9 ------- Run | Scr Mat Min Mat Sto Gar Slots Evolved 7 | 3 . . 3 1 . Power . | . . . . . . Propulsion 2 | 1 . . . 1 . Utility 2 | . . . 2 . . Weapon 3 | 2 . . 1 . . Parts Attached 26 | 7 4 . 8 7 . Power 3 | 2 . . 1 . . Engine 3 | 2 . . 1 . . Core . | . . . . . . Reactor . | . . . . . . Propulsion 5 | 2 . . . 3 . Treads . | . . . . . . Leg 5 | 2 . . . 3 . Wheel . | . . . . . . Hover . | . . . . . . Flight . | . . . . . . Utility 3 | . 1 . 2 . . Device . | . . . . . . Storage . | . . . . . . Processor 1 | . . . 1 . . Hackware 1 | . 1 . . . . Protection 1 | . . . 1 . . Artifact . | . . . . . . Weapon 15 | 3 3 . 5 4 . Energy Gun . | . . . . . . Energy Cannon 2 | . . . . 2 . Ballistic Gun 13 | 3 3 . 5 2 . Ballistic Cannon . | . . . . . . Launcher . | . . . . . . Special Weapon . | . . . . . . Impact Weapon . | . . . . . . Slashing Weapon . | . . . . . . Piercing Weapon . | . . . . . . Special Melee Weapon . | . . . . . . Unidentified Prototypes 1 | . . . 1 . . Parts Lost . | . . . . . . Power . | . . . . . . Propulsion . | . . . . . . Utility . | . . . . . . Weapon . | . . . . . . Highest Loss Streak . | . . . . . . Average Slot Usage (%) 99 | . 97 100 99 100 100 Engine 12 | . 14 14 11 9 9 Leg 24 | . 28 28 23 20 27 Processor 5 | . . . 9 9 9 Hackware 11 | . 11 14 11 9 9 Protection 4 | . . . 5 9 9 Ballistic Gun 39 | . 41 42 37 39 36 Naked Turns . | . . . . . . Heaviest Build 28 | 11 12 12 27 28 27 Greatest Support 39 | 20 20 20 20 39 39 Greatest Overweight (x) 1 | . . . 1 1 . Average Overweight (x) . | . . . . . . Largest Inventory Capacity 3 | . 2 3 3 3 3 Average Capacity 2 | . 1 2 3 3 3 Most Carried 3 | . 2 3 3 3 3 Average Carried 2 | . 1 2 2 2 3 Final Capacity 3 | . 2 3 3 3 3 Final Carried 3 | . 2 3 3 3 3 Class Distribution -------------------- 45% | Gunner 45% | Skirmisher 7% | Commander-Skirmisher Dominant Class ---------------- Gunner | -10/Materials Gunner | -10/Mines Skirmisher | -9/Materials Skirmisher | -9/Storage Commander-Skirmisher | -9/Garrison Resources | -11 -10 -10 -9 -9 -9 ----------- Run | Scr Mat Min Mat Sto Gar Matter Collected 3882 | 270 753 534 1153 942 230 Remotely . | . . . . . . Salvage Created 5995 | . 941 720 2160 1623 551 Parts 348 | . 51 36 125 106 30 Haulers Intercepted 12 | . 2 . 6 4 . Recyclers Shooed 5 | . 3 . . 2 . Parts Field Recycled . | . . . . . . Retrieved Matter . | . . . . . . Parts Self-Destructed . | . . . . . . Prevented . | . . . . . . Kills | -11 -10 -10 -9 -9 -9 ------- Run | Scr Mat Min Mat Sto Gar Combat Hostiles Destroyed 105 | . 14 15 36 28 12 Guns 105 | . 14 15 36 28 12 Classes Destroyed 15 | . 8 3 2 1 1 Worker 12 | . 2 4 3 3 . Builder 4 | . . 1 2 1 . Tunneler 3 | . . 3 . . . Hauler 12 | . 2 . 6 4 . Recycler 13 | . 3 4 4 2 . Mechanic 3 | . 1 1 . 1 . Operator 2 | . 2 . . . . Watcher 10 | . 3 . 5 2 . Swarmer 20 | . 3 8 3 4 2 Grunt 55 | . 11 1 22 12 9 Brawler 1 | . . . . 1 . Duelist 3 | . . . 2 1 . Sentry 21 | . . . 9 10 2 Behemoth 1 | . . . . . 1 Assembled 6 | . . 6 . . . Best Kill Streak 9 | . 9 5 6 9 6 Combat Bots Only 8 | . 3 4 5 8 6 Max Kills in Single Turn 3 | . 1 2 2 3 2 Gunslinging 1 | . . 1 1 1 1 Exploded . | . . . . . . Melee . | . . . . . . Uniques/NPCs Destroyed . | . . . . . . Combat | -11 -10 -10 -9 -9 -9 -------- Run | Scr Mat Min Mat Sto Gar Damage Taken 3017 | . 456 318 1112 406 725 Core 2391 | . 360 247 886 324 574 Absorbed by Shields . | . . . . . . Redirected to Core 2065 | . 315 218 726 281 525 Core Remaining (%) 100 | 100 . 100 . . . Volleys Fired 323 | . 64 51 123 52 33 Largest 4 | . 3 3 4 4 4 Hottest 137 | . 69 69 92 137 92 Shots Fired 1050 | . 192 152 379 195 132 Gun 1045 | . 192 152 379 190 132 Cannon 5 | . . . . 5 . Launcher . | . . . . . . Special . | . . . . . . Kinetic 1045 | . 192 152 379 190 132 Thermal 5 | . . . . 5 . Explosive . | . . . . . . Electromagnetic . | . . . . . . Robot Hit Streak 48 | . 8 13 48 34 37 Robot Miss Streak 5 | . 5 4 3 3 2 Penetration Max . | . . . . . . Secondary Targets 24 | . 1 4 9 5 5 Max Gunslinging Chain 1 | . 1 1 1 1 1 Shots Hit Robots 688 | . 100 97 272 120 99 Core Hits 236 | . 33 35 82 60 26 Critical Hits 5 | . 1 . 2 2 . Critical Kills 1 | . . . 1 . . Critical Parts Destroyed 3 | . 1 . 1 1 . Melee Attacks . | . . . . . . Impact . | . . . . . . Slashing . | . . . . . . Piercing . | . . . . . . Sneak Attacks . | . . . . . . Combat Hostiles . | . . . . . . Follow-up Attacks . | . . . . . . Damage Inflicted 10061 | . 1463 1380 3720 1900 1598 Guns 10061 | . 1463 1380 3720 1900 1598 Cannons . | . . . . . . Explosions . | . . . . . . Melee . | . . . . . . Ramming . | . . . . . . Kinetic 10061 | . 1463 1380 3720 1900 1598 Thermal . | . . . . . . Explosive . | . . . . . . Electromagnetic . | . . . . . . Impact . | . . . . . . Slashing . | . . . . . . Piercing . | . . . . . . Highest Corruption 4 | . 4 4 1 1 1 Average Corruption 1 | . 2 4 1 1 1 Corruption Purged . | . . . . . . Effects 59 | . . 38 11 10 . Message Errors 11 | . . 7 3 1 . Matter Fused 7 | . . 7 . . . Heat Flow Errors 4 | . . 4 . . . Energy Discharges 4 | . . 2 . 2 . Data Loss (minor) 5 | . . 3 1 1 . Targeting Errors 24 | . . 14 5 5 . Weapon Failures 4 | . . 1 2 1 . Overload Shots . | . . . . . . Overflow Damage . | . . . . . . Projectiles . | . . . . . . Explosions . | . . . . . . Melee . | . . . . . . Knockbacks . | . . . . . . Impact . | . . . . . . Kinetic . | . . . . . . Secondary . | . . . . . . Self-Inflicted Damage . | . . . . . . Shots . | . . . . . . Rammed . | . . . . . . Targets Rammed . | . . . . . . Kicked . | . . . . . . Crushed . | . . . . . . Highest Temperature 237 | . 137 217 174 188 237 Average Temperature 43 | . 30 29 35 47 102 Received Heat Transfer 967 | . 180 40 414 174 159 Siege Activations . | . . . . . . Robots Corrupted . | . . . . . . Combat Hostiles . | . . . . . . Parts Fried . | . . . . . . Impact Corruptions . | . . . . . . Robots Melted . | . . . . . . Combat Hostiles . | . . . . . . Parts Melted . | . . . . . . Heat Transferred . | . . . . . . Parts Sabotaged . | . . . . . . Parts Stolen . | . . . . . . Parts Stripped . | . . . . . . Power Chain Reactions . | . . . . . . Missiles Intercepted . | . . . . . . Alert | -11 -10 -10 -9 -9 -9 ------- Run | Scr Mat Min Mat Sto Gar Peak Influence 540 | . 245 199 540 307 448 Average Influence 160 | . 120 95 282 96 235 Maximum Alert Level 2 | . 1 . 2 1 2 Low Security (%) 62 | 100 79 100 14 77 40 Level 1 31 | . 20 . 67 22 53 Level 2 5 | . . . 18 . 5 Level 3 . | . . . . . . Level 4 . | . . . . . . Level 5 . | . . . . . . High Security . | . . . . . . Max Security . | . . . . . . Squads Dispatched 13 | . 3 1 5 4 . Investigation 7 | . 1 . 5 1 . Extermination . | . . . . . . Reinforcement 3 | . 2 . . 1 . Assault 2 | . . 1 . 1 . Garrison 1 | . . . . 1 . Intercept . | . . . . . . Construction Impeded . | . . . . . . Haulers Reinforced . | . . . . . . Stealth | -11 -10 -10 -9 -9 -9 --------- Run | Scr Mat Min Mat Sto Gar Distress Signals 7 | . 1 . 4 2 . Communications Jammed . | . . . . . . Distress Signals . | . . . . . . Times Spotted 148 | . 26 26 51 27 18 Peak Tracking Total 5 | . 3 5 4 4 3 Tactical Retreats 4 | . . 2 1 1 . Traps | -11 -10 -10 -9 -9 -9 ------- Run | Scr Mat Min Mat Sto Gar Traps Triggered 6 | . 3 . 3 . . Indirectly . | . . . . . . Trap Hack Attempts . | . . . . . . Triggered . | . . . . . . Disarmed . | . . . . . . Reprogrammed . | . . . . . . Reused 2 | . . 2 . . . Traps Extracted . | . . . . . . Installed 3 | . . 3 . . . Triggered . | . . . . . . Machines | -11 -10 -10 -9 -9 -9 ---------- Run | Scr Mat Min Mat Sto Gar Machines Disabled 17 | . 2 1 8 4 2 Max in Single Turn 2 | . 1 1 2 1 1 Garrison Relay 2 | . . . . . 2 Machines Sabotaged . | . . . . . . Garrisons Compromised . | . . . . . . Overloaded Fab Kills . | . . . . . . Fab Network Shutdowns . | . . . . . . Hacking | -11 -10 -10 -9 -9 -9 --------- Run | Scr Mat Min Mat Sto Gar Machines Accessed 28 | . 4 . 9 15 . Terminals 27 | . 4 . 9 14 . Fabricators . | . . . . . . Repair Stations . | . . . . . . Recycling Units . | . . . . . . Scanalyzers . | . . . . . . Garrison Access 1 | . . . . 1 . Total Hacks 98 | . 11 . 40 47 . Successful 66 | . 6 . 24 36 . Failed 31 | . 5 . 15 11 . Catastrophic 2 | . . . . 2 . Database Lockouts 1 | . . . 1 . . Manual 65 | . 7 . 27 31 . Terminals 96 | . 11 . 40 45 . Fabricators . | . . . . . . Repair Stations . | . . . . . . Recycling Units . | . . . . . . Scanalyzers . | . . . . . . Garrison Access 2 | . . . . 2 . Terminal Hacks 44 | . 5 . 15 24 . Part Schematic 1 | . . . . 1 . Robot Schematic 1 | . . . . 1 . Robot Analysis 3 | . 2 . 1 . . Prototype ID Bank 6 | . 1 . 3 2 . Open Door 4 | . . . . 4 . Branch Access Points 2 | . . . 1 1 . Terminal Index 5 | . 1 . 2 2 . Repair Station Index 1 | . . . . 1 . Garrison Index 1 | . . . . 1 . Alert Level 2 | . . . 2 . . Unreport Threat 10 | . . . 5 5 . Locate Traps 1 | . . . 1 . . Dispatch Records 2 | . 1 . . 1 . Surveillance Status 1 | . . . . 1 . Investigation Status 1 | . . . . 1 . Hauler Manifests 1 | . . . . 1 . Zone Layout 2 | . . . . 2 . Fabricator Hacks . | . . . . . . Repair Station Hacks . | . . . . . . Recycling Unit Hacks . | . . . . . . Scanalyzer . | . . . . . . Garrison Access Hacks 2 | . . . . 2 . Unlock Access 1 | . . . . 1 . Coupler Status 1 | . . . . 1 . Unauthorized Hacks 44 | . 3 . 21 20 . Terminals 20 | . 1 . 9 10 . Track 5 | . . . 1 4 . Assimilate 5 | . . . 3 2 . Botnet 7 | . 1 . 3 3 . Detonate 1 | . . . 1 . . Operators 2 | . . . 1 1 . Fabricators . | . . . . . . Repair Stations . | . . . . . . Recycling Units . | . . . . . . Scanalyzers . | . . . . . . Garrison Access . | . . . . . . Data Cores Recovered . | . . . . . . Used . | . . . . . . Hacking Detections 23 | . 4 . 8 11 . Full Trace Events 5 | . 1 . 3 1 . Feedback Events 1 | . . . 1 . . Corruption 1 | . . . 1 . . Feedback Blocked . | . . . . . . Robot Schematics Acquired 1 | . . . . 1 . Robots Built . | . . . . . . Matter . | . . . . . . Time . | . . . . . . Total Robot Build Rating . | . . . . . . Part Schematics Acquired 1 | . . . . 1 . Parts Built . | . . . . . . Matter . | . . . . . . Time . | . . . . . . Total Part Build Rating . | . . . . . . Parts Repaired . | . . . . . . Time . | . . . . . . Parts Recycled . | . . . . . . Recycled Matter . | . . . . . . Retrieved Matter . | . . . . . . Retrieved Components . | . . . . . . Parts Scanalyzed . | . . . . . . Part Schematics Acquired . | . . . . . . Parts Damaged . | . . . . . . Bothacking | -11 -10 -10 -9 -9 -9 ------------ Run | Scr Mat Min Mat Sto Gar Used RIF Installer . | . . . . . . Robots Hacked . | . . . . . . Non-combat . | . . . . . . Combat . | . . . . . . Robot Hacks Applied . | . . . . . . Relay Couplers Released 4 | . . . . . 4 Machine Destruction 4 | . . . . . 4 Robots Rewired . | . . . . . . Allies Hacked . | . . . . . . Hacks Repelled . | . . . . . . Allies | -11 -10 -10 -9 -9 -9 -------- Run | Scr Mat Min Mat Sto Gar Total Allies 13 | . . 1 2 10 . Largest Group 12 | . . 1 2 12 12 Highest-Rated Group 108 | . . 31 20 108 108 Highest-Rated Ally 31 | . . 31 10 16 16 Total Orders 38 | . . . 9 27 2 STAY 10 | . . . 3 7 . GOTO 11 | . . . 2 8 1 FOLLOW 17 | . . . 4 12 1 Ally Attacks 87 | . . 14 . . 73 Total Damage 1064 | . . 251 . . 813 Kills 15 | . . 10 . . 5 Allies Corrupted . | . . . . . . Allies Melted . | . . . . . . Intel | -11 -10 -10 -9 -9 -9 ------- Run | Scr Mat Min Mat Sto Gar Robot Analysis Total 3 | . 2 . 1 . . Derelict Logs Recovered 2 | . . 2 . . . Drone Launches 6 | . . . . 6 . Drone Recoveries . | . . . . . . Exploration | -11 -10 -10 -9 -9 -9 ------------- Run | Scr Mat Min Mat Sto Gar Turns Passed 5807 | 63 959 1291 1711 1492 291 Spaces Moved 3218 | 48 533 851 838 799 149 Core 7 | 7 . . . . . Treads . | . . . . . . Legs 3211 | 41 533 851 838 799 149 Wheels . | . . . . . . Hover . | . . . . . . Flight . | . . . . . . Fastest Speed 50 | 50 120 120 120 120 120 Average Speed 130 | 109 120 120 132 149 120 Slowest Speed 150 | 120 120 120 150 150 120 Overloaded Moves . | . . . . . . Propulsion Burnouts . | . . . . . . Robots Hopped . | . . . . . . Cave-ins Triggered . | . . . . . . Exploration Rate (%) 67 | 4 96 98 86 89 30 Regions Visited 5 Branch Regions 2 Pre-discovered Areas 1 | . . 1 . . . Known Exits Taken 2 | . . . 1 1 . Unknown Exits Taken 3 | 1 1 1 . . . Scrap Searched 4 | . . 4 . . . Spaces Dug . | . . . . . . Terrain Destroyed . | . . . . . . Melee . | . . . . . . Projectile . | . . . . . . AOE . | . . . . . . Actions | -11 -10 -10 -9 -9 -9 --------- Run | Scr Mat Min Mat Sto Gar Total 4095 | 55 708 1007 1157 982 186 Wait 378 | . 84 77 121 93 3 Move 3213 | 47 532 850 837 798 149 Hop . | . . . . . . Pick Up 12 | . 2 3 3 4 . Fast Attach 22 | 7 4 . 8 3 . Attach . | . . . . . . Detach . | . . . . . . Swap 4 | . . . . 4 . Drop 19 | 1 3 2 7 6 . Fire 323 | . 64 51 123 52 33 Melee . | . . . . . . Ram . | . . . . . . Kick . | . . . . . . Crush . | . . . . . . Escape Stasis . | . . . . . . Rewire . | . . . . . . Trap 3 | . . 3 . . . Miscellaneous 121 | . 19 21 58 22 1 Route ------- -11/Scrapyard -10/Materials (discovered 5 exits: *Mat x3 / [*Min x2]) -10/Mines (discovered 3 exits: *Mat x2 / [*Exi]) -9/Materials (discovered 7 exits: *Mat x3 / *Min x2 / *Sto x2) -9/Storage (discovered 2 exits: Rec / Gar) -9/Garrison History --------- Turn | Location | Event 3 | -11/Scrapyard | Discovered new exit (range 16) 8 | -11/Scrapyard | Upgraded with Propulsion slot (x1) 18 | -11/Scrapyard | Upgraded with Weapon slot (x2) 64 | -11/Scrapyard | Entered Materials 307 | -10/Materials | Build established: Gunner 323 | -10/Materials | Discovered new exit (range 14) 583 | -10/Materials | Discovered new exit (range 14) 653 | -10/Materials | Reached level 2 773 | -10/Materials | Discovered new exit (range 16) 873 | -10/Materials | Discovered new exit (range 16) 1008 | -10/Materials | Discovered new exit (range 9) 1023 | -10/Materials | Entered Mines 1032 | -10/Mines | Met a Derelict bent on vengeance 1142 | -10/Mines | Met a Derelict testing a Signal Generator 1154 | -10/Mines | Found Signal Generator 1298 | -10/Mines | Deemed a non-threat by the Exiles lab entrance 1298 | -10/Mines | Discovered new exit (range 5) 1307 | -10/Mines | Assembled infested the area 1314 | -10/Mines | Reached level 3 1333 | -10/Mines | Found a hidden stash of uninstalled traps 1571 | -10/Mines | Learned location of Zion (-7) 1575 | -10/Mines | Discovered new exit (range 8) 1677 | -10/Mines | Learned location of 1 exit from Materials 1800 | -10/Mines | Received a Rocket Launcher from a helpful Derelict 1834 | -10/Mines | Discovered new exit (range 8) 2314 | -10/Mines | Entered Materials 2315 | -9/Materials | Identified exit to Materials 2316 | -9/Materials | Reached level 4 2379 | -9/Materials | Reached level 5 2403 | -9/Materials | Discovered new exit (range 10) 2479 | -9/Materials | Central database locked down 2647 | -9/Materials | Upgraded with Utility slot (x1) 2658 | -9/Materials | Discovered new exit (range 15) 2797 | -9/Materials | Reached level 6 2904 | -9/Materials | Discovered exit to Materials (range 17) 2953 | -9/Materials | Build established: Skirmisher 3123 | -9/Materials | Reached level 7 3138 | -9/Materials | Discovered new exit (range 9) 3198 | -9/Materials | Upgraded with Utility slot (x1) 3467 | -9/Materials | Identified exit to Mines 3467 | -9/Materials | Identified exit to Storage 3532 | -9/Materials | Reached level 8 3687 | -9/Materials | Upgraded with Weapon slot (x1) 3994 | -9/Materials | Discovered exit to Materials (range 8) 4025 | -9/Materials | Entered Storage 4025 | -9/Storage | Accompanied by 2 allies 4153 | -9/Storage | Reached level 9 4692 | -9/Storage | Identified exit to Recycling 4940 | -9/Storage | Reached level 10 4991 | -9/Storage | Identified exit to Garrison 4994 | -9/Storage | Garrison activated, responded to threat 5021 | -9/Storage | Destroyed 8 combat bots 5328 | -9/Storage | Assisted by bots powering up and referring to "LRC-V3" 5485 | -9/Storage | Upgraded with Propulsion slot (x1) 5517 | -9/Storage | Entered Garrison 5517 | -9/Garrison | Accompanied by 17 allies 5544 | -9/Garrison | Triggered checkpoint 5580 | -9/Garrison | Garrison Relay disabled 5620 | -9/Garrison | Build established: Commander-Skirmisher 5632 | -9/Garrison | Triggered checkpoint 5663 | -9/Garrison | Garrison Relay disabled 5728 | -9/Garrison | Triggered checkpoint 5732 | -9/Garrison | Triggered checkpoint 5744 | -9/Garrison | Spotted B-75 Beast 5755 | -9/Garrison | Spotted B-75 Beast 5764 | -9/Garrison | Core integrity fell below 50% 5775 | -9/Garrison | Destroyed B-75 Beast 5795 | -9/Garrison | Core integrity fell below 20% 5808 | -9/Garrison | Destroyed by B-75 Beast with Heavy Plasma Cannon Last Messages --------------- 05745_ Switching to secondary target: G-34 Mercenary. 05745_ Mercenary 2e destroyed. 05746_ Technician 2b reports 0b10 security level has risen to 2. 05748_ G-34 Mercenary destroyed. 05751_ Protomatter-36 decays. 05755_ Knocked back. 05755_ Technician 2b destroyed. 05756_ Acquired 15 matter. 05758_ Mercenary 2h destroyed. 05758_ Upgraded: Heat Dissipation (+12) 05758_ Upgraded: KI Resistance % (+15) 05758_ Upgraded: TH Resistance % (+10) 05758_ Upgraded: KI Damage % (+20) 05759_ Knocked back. 05761_ Mercenary 2a destroyed. 05766_ Knocked back. 05772_ Mercenary 2c destroyed. 05775_ B-75 Beast destroyed. 05785_ Destroyed Lgt. Nuclear Core. 05785_ Trooper 2a destroyed. Map ----- +----------------------------------------------------+ | ?????????????????????????????????????????????????? | | ?????????????????????????????????????????????????? | | ?????????????????????????????????????????????????? | | ?????????????????????????????????????????????????? | | ????????????????????? ??????????????????????????? | | ????????????????????? ??????????????????????????? | | ????????????????????? #?????????????????????????? | | ????????????????????# #?????????????????????????? | | ????????????????????# #????????? #??????????????? | | ????????????????????# #???????? #??????????????? | | ????????????????????# #??????? #??????????????? | | ???????????????????## ##""""## #??????????????? | | ?????????????????### ^ #??????????????? | | ?????????????????? +??????????????? | | ??????????????????? +??????????????? | | ???????????????????# ## #? #??????????????? | | ?????????????????### ## ## #??????????????? | | ?????????????????+ * "??????????????? | | ?????????????????#= "??????????????? | | ?????????????????# "??????????????? | | ?????????????????# "??????????????? | | ???????????????????#%% ## #? #??????????????? | | ##############*! ## ## #??????????????? | | =%=%BB[%*!*==[ ########???????? | | [[!%BB%*=%=%=%!=nn ; ????? | | ??%[[[#####*=%"##### =[*!@= ### ##?????????? | | ??????????# =#?????# ##n= ## #??????????????? | | ??????????# #?????# ##* #??? #??????????????? | | ??????????# #?????# #######???????????????????? | | ??????????# #?????# #?????????????????????????? | | ??????????# +?????+ +?????????????????????????? | | ??????????# #?????# #?????????????????????????? | | ??????????# #?????# #?????????????????????????? | | ##+######## ####### #?????????????????????????? | | ^ #?????????????????????????? | | #?????????????????????????? | | ^ #?????????????????????????? | | #### #####% ####+#### #?????????????????????????? | | ?### #???#= ###?????# #?????????????????????????? | | ?# =%=#???#*%= #?????# #?????????????????????????? | | ?+ * +???+ %= +?????# #?????????????????????????? | | ## #???# [ #?????# #?????????????????????????? | | ?### #???# ###?????# #?????????????????????????? | | ???# #???# #???????# #?????????????????????????? | | ???# #???# #???????# #?????????????????????????? | | ???# #???# #???????# #?????????????????????????? | | ####/ #???# ######### #?????????????????????????? | | *=#???# #?????????????????????????? | | !###%/#???# ###!!!#####?????????????????????????? | | ???#= #???# #?#####?????????????????????????????? | +----------------------------------------------------+ Best States ------------- Heat Dissipation 37 Energy Generation 14 Energy Capacity 280 Matter Stores 300 Matter Capacity 300 Sight Range 18 Robot Scan Range 18 Terrain Scan Density 10 Armor Coverage 225 Resistance: KI 15 Resistance: TH 10 Evasion (%) 40 Offensive Hacking 10 Item Schematics ----------------- Hrd. Heavy Armor Plating | -9/Storage | Hacked Robot Schematics ------------------ S-10 Pest | -9/Storage | Hacked Fabricated ------------ Nothing Alien Tech Used ----------------- None Achievements -------------- None Challenges ------------ None RPGLIKE | -11 -10 -10 -9 -9 -9 --------- Run | Scr Mat Min Mat Sto Gar Levels Raised 9 | . 1 1 5 2 . XP Earned 17989 | 3000 2085 2054 6944 2720 1186 XP Spent 16420 | 1800 750 3350 3750 2500 4270 Upgrades 38 | 3 2 7 12 3 11 Propulsion Slot 2 | 1 . . . 1 . Utility Slot 2 | . . . 2 . . Weapon Slot 3 | 2 . . 1 . . Heat Dissipation 2 | . . . . . 2 Inventory Capacity 3 | . 2 1 . . . Sight Range 2 | . . 2 . . . Sensor Range 9 | . . . 9 . . Ranged Accuracy 6 | . . 4 . 2 . KI Resistance % 3 | . . . . . 3 TH Resistance % 2 | . . . . . 2 KI Damage % 4 | . . . . . 4 Protomatter Created 1430 | . 166 52 591 432 189 Integrity Restored 2293 | . 392 382 1151 344 24 Core 1776 | . 320 287 886 259 24 Parts 517 | . 72 95 265 85 . Protomatter Decayed 758 | . 33 84 187 311 143 Game ------ Seed NovaDeepConverter Manual? 0 Play Time 00:56:08 Cumulative 829.3 hours Start 2019.12.20 @ 20:40:17 End 2019.12.20 @ 23:20:13 Sessions 2 Manual Loads 0 Difficulty Rogue Special Mode Winter2019/RPGLIKE Game No. 297 Rogue 297 Adventurer 0 Explorer 0 Win Type - Total 12 Types 11/0/1/0/0/0/0 Lore% 76 Gallery% 86 Achievement% 68 Wizard Run 0 Options --------- ASCII 0 Keyboard 1 Movement Numpad Keybinds 0 Fullscreen 2 Font 18/SmallcapsGlow Map View 112x50 Tactical HUD 1 Map Filters NONE Filters NONE Steam 1 RUN: b3f2adb0-5e59-46e9-9698-b883a7d9e17a